Map: Lightshade LE

Players

llllllllllll (Oliveira) - Winner!

  • Race: Terran Terran

HeroMarine

  • Race: Terran Terran

Event: TSL 7

VOD

Have the link to the VOD?

Description

Time

  • Played on: June 12, 2021, 1:09 p.m.
  • Length: 8:28

All games in this series

Show
View Real Time Build Order
Export as new Build Order

llllllllllll Terran - Winner!

Build Orders: Reaper Expand 

Get SALT Encoding   

  12  0:00  SCV  
  13  0:13  SCV  
  14  0:17  Supply Depot  
  14  0:25  SCV  
  15  0:38  SCV  
  15  0:40  Barracks  
  16  0:45  Refinery  
  16  0:51  SCV  
  17  1:03  SCV  
  18  1:15  SCV  
  19  1:28  Reaper, Orbital Command  
  20  1:41  Command Center  
  20  1:49  Supply Depot  
  20  1:54  SCV  
  21  2:00  Marine  
  22  2:06  SCV  
  23  2:10  Factory  
  23  2:17  Bunker  
  23  2:19  SCV  
  24  2:23  Barracks Reactor  
  24  2:29  Refinery  
  24  2:31  SCV  
  25  2:43  SCV  
  26  2:54  Hellion  
  26  2:55  Orbital Command  
  26  2:57  Starport, SCV  
  29  3:01  Marine  
  29  3:03  Marine  
  31  3:09  SCV  
  32  3:15  Factory Tech Lab  
  32  3:18  Marine  
  33  3:20  Marine  
  33  3:21  SCV x2  
  33  3:25  Supply Depot  
  36  3:33  SCV x2  
  38  3:35  Cyclone  
  38  3:37  Starport Tech Lab  
  38  3:38  Refinery  
  41  3:41  Marine  
  41  3:45  SCV, Marine  
  41  3:47  SCV  
  45  3:52  Supply Depot  
  45  4:01  Raven  
  47  4:03  SCV x2  
  47  4:05  Marine x2  
  47  4:07  Supply Depot  
  51  4:15  SCV  
  51  4:16  SCV  
  53  4:18  Siege Tank  
  53  4:23  Marine x2  
  58  4:28  SCV  
  58  4:29  Supply Depot  
  59  4:31  SCV  
  60  4:40  SCV  
  60  4:41  Command Center  
  60  4:44  Raven  
  63  4:46  Marine x2  
  63  4:47  SCV  
  63  4:52  Supply Depot  
  66  4:57  Siege Tank  
  69  5:03  SCV x2  
  69  5:04  Marine x2  
  69  5:06  Refinery  
  71  5:11  Barracks  
  71  5:13  Barracks  
  71  5:15  SCV  
  71  5:16  SCV  
  73  5:21  Supply Depot  
  73  5:28  SCV x2  
  75  5:32  Siege Tank  
  78  5:40  Engineering Bay  
  78  5:44  Viking  
  78  5:45  Viking  
  78  5:47  Marine  
  82  5:50  Stimpack  
  82  5:51  SCV  
  82  5:52  SCV  
  83  5:58  Orbital Command  
  83  6:00  Supply Depot  
  83  6:02  Barracks Reactor x2  
  84  6:04  SCV  
  84  6:05  Marine  
  82  6:15  Siege Tank  
  82  6:16  Viking  
  81  6:22  SCV  
  81  6:24  Viking  
  79  6:28  Orbital Command, SCV  
  79  6:29  Marine  
  79  6:33  Engineering Bay  
  79  6:38  SCV  
  80  6:41  Marine x3  
  80  6:42  SCV  
  80  6:45  Marine  
  85  6:49  Viking  
  85  6:53  Supply Depot  
  87  6:56  Siege Tank  
  87  6:57  SCV  
  87  7:00  SCV x2  
  93  7:02  Marine x2  
  93  7:05  Marine  
  96  7:08  Supply Depot  
  96  7:09  SCV, Marine  
  96  7:12  Marine  
  96  7:14  Viking  
  101  7:17  SCV x2  
  101  7:20  Marine, Supply Depot  
  104  7:25  Marine x2, Viking  
  104  7:26  SCV  
  109  7:36  Marine  
  97  7:38  Marine x2  
  97  7:39  Siege Tank  
  97  7:41  SCV  
  97  7:43  Marine  
  104  7:44  Marine  
  104  7:49  SCV x2  
  107  7:55  Armory, Barracks  
  107  7:56  Refinery, Barracks, Marine x2  
  109  8:02  Refinery, Marine x2  
  112  8:05  SCV x2  
Show
View Real Time Build Order
Export as new Build Order

HeroMarine Terran 

Build Orders:  

Get SALT Encoding   

  12  0:00  SCV  
  13  0:12  SCV  
  14  0:17  Supply Depot  
  14  0:24  SCV  
  15  0:38  SCV  
  15  0:40  Barracks  
  16  0:43  Refinery  
  16  0:51  SCV  
  16  0:52  Refinery  
  17  1:03  SCV  
  18  1:15  SCV  
  19  1:27  Reaper, Orbital Command  
  19  1:28  Supply Depot  
  20  1:41  Factory  
  20  1:53  SCV  
  21  1:59  Barracks Reactor  
  21  2:05  SCV  
  22  2:17  SCV  
  22  2:21  Command Center  
  23  2:26  Hellion  
  23  2:29  SCV  
  26  2:38  Starport  
  26  2:41  SCV  
  26  2:42  Marine  
  28  2:44  Marine  
  28  2:50  Supply Depot  
  29  2:53  Factory Tech Lab  
  29  2:55  SCV  
  30  3:05  Marine  
  31  3:11  Marine  
  31  3:12  SCV  
  33  3:17  Refinery  
  33  3:18  Factory Tech Lab  
  33  3:20  Raven  
  33  3:24  SCV, Marine  
  37  3:29  Marine  
  38  3:35  Orbital Command  
  38  3:36  SCV  
  39  3:41  Siege Tank  
  39  3:48  SCV  
  43  3:49  Marine x2  
  45  3:58  Supply Depot  
  45  4:00  SCV x2  
  47  4:03  Raven  
  47  4:07  Marine  
  47  4:09  Marine  
  51  4:12  SCV x2  
  53  4:20  Siege Tank  
  53  4:24  SCV, Supply Depot  
  56  4:25  SCV  
  56  4:26  Marine  
  56  4:29  Marine  
  60  4:32  Supply Depot  
  60  4:36  SCV  
  60  4:38  SCV  
  62  4:48  SCV  
  62  4:50  SCV  
  62  4:52  Siege Tank  
  67  4:59  Viking x2  
  71  5:00  SCV  
  71  5:01  Marine  
  71  5:02  SCV  
  71  5:03  Supply Depot  
  74  5:13  SCV  
  76  5:14  SCV  
  76  5:20  Marine  
  77  5:26  Supply Depot  
  77  5:28  Siege Tank  
  81  5:29  Viking x2  
  85  5:37  Command Center  
  85  5:42  SCV x2  
  81  5:54  SCV  
  81  5:55  Marine  
  81  5:56  SCV  
  84  5:59  Viking x2  
  84  6:00  Refinery  
  88  6:06  SCV  
  88  6:08  Siege Tank  
  88  6:09  SCV  
  90  6:13  Marine  
  84  6:18  SCV  
  84  6:21  SCV  
  84  6:23  Stimpack  
  74  6:29  Barracks  
  74  6:30  SCV  
  74  6:31  Barracks, Marine  
  76  6:33  SCV, Engineering Bay x2  
  76  6:35  Viking  
  76  6:39  Viking  
  81  6:43  Siege Tank  
  81  6:45  SCV  
  81  6:46  SCV  
  86  6:49  Marine  
  86  6:52  Orbital Command  
  87  6:57  SCV  
  87  6:58  SCV  
  89  7:07  Marine  
  90  7:12  Barracks  
  90  7:13  Barracks, Supply Depot  
  90  7:14  SCV x2  
  92  7:17  Barracks Reactor  
  92  7:20  SCV  
  92  7:21  Barracks Reactor, Supply Depot  
  93  7:26  SCV x2  
  93  7:27  Viking  
  93  7:28  Viking  
  99  7:32  SCV  
  86  7:38  SCV x2  
  86  7:42  Marine, Siege Tank  
  82  7:44  Refinery x2, SCV  
  82  7:50  SCV x2  
  83  7:53  Sensor Tower  
  83  7:56  SCV, Marine  
  83  7:57  Marine x2  
  83  7:58  Marine  
  88  8:00  Barracks Reactor, Marine  
  88  8:02  Barracks Reactor, SCV, Command Center  
  90  8:08  SCV x2  
Tags
 
Add a new tag
Caveats
  • Supply blocks, unpowered buildings, or Contaminate may cause inaccurate times.
  • Supply counts are checked every 10 seconds.